 Dungeon Crawl Stone Soup version 0.23-a0-386-g9c9d49f623 (webtiles) character file.

846 Notair the Cudgeler (level 7, -3/61 HPs)
             Began as a Minotaur Gladiator on Oct 29, 2018.
             Was a Follower of Okawaru.
             Slain by a slime creature (12 damage)
             ... on level 5 of the Dungeon.
             The game lasted 00:09:03 (3715 turns).

Notair the Cudgeler (Minotaur Gladiator)            Turns: 3715, Time: 00:09:04

Health: -3/61      AC: 15    Str: 18    XL:     7   Next: 68%
Magic:  4/6        EV:  9    Int:  7    God:    Okawaru [*.....]
Gold:   256        SH:  0    Dex: 12    Spells: 6/6 levels left

rFire    . . .     SeeInvis .   v - +1 whip (venom)
rCold    . . .     Gourm    .   (no shield)
rNeg     . . .     Faith    .   n - +0 plate armour
rPois    .         Spirit   .   l - +1 hat
rElec    .         Reflect  .   (no cloak)
rCorr    .         Harm     .   (no gloves)
MR       .....                  (no boots)
Stlth    ..........             (no amulet)
HPRegen  0.20/turn              (no ring)
MPRegen  0.10/turn              (no ring)

@: heroism
A: retaliatory headbutt, horns 2
a: Heroism, Renounce Religion


You were on level 5 of the Dungeon.
You worshipped Okawaru.
Okawaru was aware of your devotion.
You were very hungry.

You visited 2 branches of the dungeon, and saw 6 of its levels.

You collected 256 gold pieces.

Inventory:

Hand Weapons
 a - a +0 flail
 i - a +0 blowgun
 v - a +1 whip of venom (weapon)
Missiles
 b - 40 arrows
 d - 3 throwing nets (quivered)
 h - 51 sling bullets
 p - 6 poisoned needles
Armour
 l - a +1 hat (worn)
 n - a +0 plate armour (worn)
Jewellery
 x - an uncursed ring of flight {unknown}
 y - an uncursed ring of protection from cold {unknown}
Wands
 o - a wand of polymorph (19)
Scrolls
 c - a scroll of teleportation
 j - a scroll of blinking {unknown}
 k - a scroll of fear
 m - 3 scrolls of enchant weapon
 q - a scroll of remove curse
 r - a scroll of immolation {unknown}
 s - a scroll of magic mapping {unknown}
 A - a scroll of enchant armour {unknown}
 C - a scroll of noise {unknown}
Potions
 e - a potion of lignification {unknown}
 g - 2 potions of heal wounds
 t - a potion of haste {unknown}
 u - 3 potions of curing
 w - a potion of magic {unknown}
 z - 2 potions of invisibility
Comestibles
 f - 7 rations


   Skills:
 + Level 5.1(10.1) Fighting
 * Level 7.5(12.5) Maces & Flails
 + Level 4.2(9.2) Throwing
 + Level 4.4(9.4) Armour
 - Level 3.2(8.2) Dodging


You had 6 spell levels left.
You didn't know any spells.
Your spell library contained the following spells:

 Spells                   Type           Power        Failure   Level  Hunger
 Animate Skeleton         Necr           N/A          100%        1    ##.....
 Pain                     Necr           #...         100%        1    ##.....
 Regeneration             Chrm/Necr      #.........   100%        3    ####...
 Vampiric Draining        Necr           #.........   100%        3    ####...
 Animate Dead             Necr           N/A          100%        4    #####..


Dungeon Overview and Level Annotations

Branches:
Dungeon (5/15)             Temple (1/1) D:4

Altars:
Ashenzari
Fedhas
Nemelex Xobeh
Okawaru
Sif Muna
Yredelemnul
The Shining One

Shops:
D:4 }?*


Innate Abilities, Weirdness & Mutations

You reflexively headbutt those who attack you in melee.
You have a pair of horns on your head.


Message History

* * * LOW HITPOINT WARNING * * *
Found a pair of runed gloves.
There is an open gate here.
Items here: ( ) †† a +0 short sword; 4 stones; a kobold corpse; a big kobold corpse
Things that are here:
a +0 short sword; 4 stones; a kobold corpse You see here a chain mail.
You see here a +0 giant spiked club.
There is an open door here.
You are feeling very hungry.
The slime creature closely misses you.
You gain the combat prowess of a mighty hero.
The slime creature hits you.
* * * LOW HITPOINT WARNING * * *
You whack the slime creature! You headbutt the slime creature.
Your punch misses the slime creature.
The slime creature is moderately wounded.
The slime creature hits you!
You die...

#.###############
#.# #.# # #.#
############ #.#
#..........# #.#
#..........# #.#
#..........###.#####
'.....)....'...J@.>#
#....[..(..#.#.###.#
......######.#.....#
......# #.#######
......# #.# ......#
#.# ..##### #.# ..+
#.# (.# #.#


You could see a slime creature.

Vanquished Creatures
  An ogre (D:5)
  2 big kobolds (D:5)
  A scorpion (D:4)
  A jelly (D:5)
  3 orc priests
  2 hounds (D:4)
  3 orc wizards
  A bullfrog skeleton (D:4)
  Natasha (thrice) (D:3)
  2 worker ants
  A hound skeleton (D:5)
  5 adders
  A shadow imp (D:5)
  An adder skeleton (D:4)
  2 worms (D:2)
  3 dart slugs
  2 leopard geckos
  11 orcs
  4 ball pythons
  8 bats
  4 giant cockroaches
  8 goblins
  3 hobgoblins
  3 jackals (D:2)
  2 quokkas (D:3)
  6 frilled lizards
  9 kobolds
  7 rats
99 creatures vanquished.

Vanquished Creatures (others)
  4 fungi (D:5)
  9 toadstools (D:5)
13 creatures vanquished.

Grand Total: 112 creatures vanquished

Notes
Turn   | Place    | Note
-------+----------+-------------------------------------------
     0 | D:1      | Notair the Minotaur Gladiator began the quest for the Orb.
     0 | D:1      | Reached XP level 1. HP: 18/18 MP: 0/0
   303 | D:1      | Reached XP level 2. HP: 23/25 MP: 1/1
   307 | D:1      | Reached skill level 4 in Maces & Flails
   455 | D:1      | Reached skill level 1 in Armour
   869 | D:2      | Reached XP level 3. HP: 30/30 MP: 2/2
  1170 | D:2      | Found a blossoming altar of Fedhas.
  1566 | D:2      | Reached XP level 4. HP: 24/38 MP: 3/3
  1822 | D:3      | Noticed Natasha
  1824 | D:3      | Killed Natasha
  1873 | D:3      | Reached skill level 5 in Maces & Flails
  1882 | D:3      | Reached XP level 5. HP: 23/45 MP: 4/4
  2038 | D:3      | Noticed Natasha
  2053 | D:3      | Killed Natasha
  2183 | D:3      | Found a sparkling altar of Nemelex Xobeh.
  2432 | D:3      | Noticed Natasha
  2439 | D:3      | Killed Natasha
  2439 | D:3      | Reached XP level 6. HP: 52/52 MP: 5/5
  2570 | D:4      | Reached skill level 6 in Maces & Flails
  2720 | D:4      | Found Qugolegu's Magic Scroll Shop.
  2811 | D:4      | Found a deep blue altar of Sif Muna.
  2814 | D:4      | Found a glowing golden altar of the Shining One.
  3038 | D:4      | Reached XP level 7. HP: 55/60 MP: 6/6
  3104 | D:4      | Found Cola's Gadget Shop.
  3265 | D:4      | Found Zacsuf's Assorted Antiques.
  3282 | D:4      | Found a staircase to the Ecumenical Temple.
  3288 | Temple   | Entered the Ecumenical Temple
  3303 | Temple   | Became a worshipper of Warmaster Okawaru
  3353 | D:5      | Entered Level 5 of the Dungeon
  3404 | D:5      | Reached skill level 7 in Maces & Flails
  3619 | D:5      | Reached skill level 5 in Fighting
  3647 | D:5      | Reached * piety under Okawaru
  3653 | D:5      | Noticed a slime creature
  3653 | D:5      | Noticed a slime creature
  3653 | D:5      | Noticed a slime creature
  3715 | D:5      | Slain by a slime creature

Vault maps used:
D:1:      psy_arrival_wood_between_worlds
D:2:      fedhas_altar_fruit_tree
D:3:      overflow_temple_1_default, chequers_arboretum, uniq_natasha
D:4:      chequers_temple_overflow_statue_of_worship,
          minmay_temple_entry_enclosed_plants, serial_shops, shop, shop_scrolls,
          shop, first_ration
D:5:      cheibrodos_fertilizer
Temple:   regret_index_temple_waves

Skill      XL: |  1  2  3  4  5  6  7 |
---------------+----------------------+-----
Maces & Flails | 4 5 6 7 |  7.5
Armour         | 1 2 3 4 |  4.4
Fighting       | 3 4 5 |  5.1
Throwing       | 3 4 |  4.2
Dodging        | |  3.2

Action                   |  1- 3 |  4- 6 |  7- 9 || total
-------------------------+-------+-------+-------++-------
Melee: Flail             |    98 |    32 |       ||   130
       Headbutt          |    15 |    21 |    11 ||    47
       Whip              |       |    94 |    55 ||   149
Invok: Heroism           |       |       |     1 ||     1
  Use: Scroll            |       |       |     8 ||     8
  Eat: Chunk             |     1 |     5 |     2 ||     8
Armor: Ring mail         |     9 |       |       ||     9
       Plate armour      |    64 |    69 |    26 ||   159
Dodge: Dodged            |    37 |    38 |    20 ||    95

Table legend:
 A = Non-vault XP
 B = Vault XP
 C = Vault XP percentage of total XP
 D = Non-vault monster count
 E = Vault monster count
 F = Vault count percentage of total count
                 A         B        C        D         E       F
            +---------+---------+-------+---------+---------+-------
      Total |     931 |     278 |  23.0 |      90 |       9 |   9.1
            +---------+---------+-------+---------+---------+-------
        D:1 |      25 |       0 |   0.0 |      12 |       0 |   0.0
        D:2 |      79 |       0 |   0.0 |      28 |       0 |   0.0
        D:3 |     256 |      35 |  12.0 |      30 |       1 |   3.2
        D:4 |     376 |       0 |   0.0 |      15 |       0 |   0.0
        D:5 |     195 |     243 |  55.5 |       5 |       8 |  61.5
            +---------+---------+-------+---------+---------+-------
